 Dungeon Crawl Stone Soup version 0.25.1-2-g60ff931df9 (webtiles) character file.

Game seed: 11744513721788150915

248 solopath the Chiller (level 6, -3/41 HPs)
             Began as a Barachi Ice Elementalist on Nov 3, 2020.
             Was a Follower of Ashenzari.
             Slain by Grinder (6 damage)
             ... on level 4 of the Dungeon.
             The game lasted 00:05:36 (3377 turns).

solopath the Chiller (Barachi Ice Elementalist)     Turns: 3377, Time: 00:05:37

Health: -3/41      AC:  2    Str: 10    XL:     6   Next: 12%
Magic:  6/11       EV: 13    Int: 17    God:    Ashenzari [*.....]
Gold:   138        SH:  0    Dex: 18    Spells: 8/12 levels left

rFire    . . .     SeeInvis .   d - +0 dagger
rCold    . . .     Gourm    .   (no shield)
rNeg     . . .     Faith    .   a - +0 robe
rPois    .         Spirit   .   n - -1 helmet (curse)
rElec    .         Reflect  .   k - scarf {+Inv}
rCorr    .         Harm     .   (no gloves)
MR       .....                  (no boots)
Stlth    +++.......             (no amulet)
HPRegen  0.13/turn              m - +6 ring of dexterity
MPRegen  0.12/turn              (no ring)

@: brilliant, berserk cooldown, stab, flying, very slightly contaminated,
slowed, invisible, very slow
A: +LOS, swims, slowness 1, strong legs 1
a: Hop, Curse Item, Scrying, Renounce Religion


You were on level 4 of the Dungeon.
You worshipped Ashenzari.
Ashenzari was aware of your devotion.
You were hungry.

You visited 1 branch of the dungeon, and saw 4 of its levels.

You collected 138 gold pieces.

Inventory:

Hand Weapons
 d - a +0 dagger (weapon)
Missiles
 j - 85 stones (quivered)
Armour
 a - a +0 robe (worn)
 k - a scarf of invisibility (worn)
 n - a cursed -1 helmet (worn)
Jewellery
 m - a +6 ring of dexterity (left hand)
Scrolls
 f - 2 scrolls of remove curse
 g - 7 scrolls of identify
Potions
 b - a potion of resistance
Comestibles
 c - 8 rations
 p - 3 chunks of flesh


   Skills:
 - Level 2.1 Dodging
 + Level 3.3 Stealth
 + Level 3.6 Spellcasting
 * Level 7.0 Ice Magic


You had 8 spell levels left.
You knew the following spells:

 Your Spells              Type           Power        Failure   Level  Hunger
a - Freeze                Ice            ####         1%          1    None
b - Frozen Ramparts       Ice            #####.       2%          3    None

Your spell library contained the following spells:

 Spells                   Type           Power        Failure   Level  Hunger
 Ozocubu's Armour         Chrm/Ice       ###.....     12%         3    None
 Hailstorm                Conj/Ice       ###.....     36%         4    None
 Summon Ice Beast         Ice/Summ       ###.....     36%         4    None


Dungeon Overview and Level Annotations

Branches:
Dungeon (4/15)
 Temple: D:4-7

Altars:
Ashenzari
Hepliaklqana
Makhleb

Annotations:
D:4 Grinder


Innate Abilities, Weirdness & Mutations

You can be seen from farther away. (+LOS)
You can swim through water.
You cover ground slowly.
You can hop short distances.


Message History

Pain shoots through your body!
You barely miss Grinder.
Grinder is lightly wounded.
The frozen ramparts melt away.
Grinder hits you!
You writhe in agony.
Grinder hits you!
* * * LOW HITPOINT WARNING * * *
You writhe in agony.
* * * LOW HITPOINT WARNING * * *
You are too injured to fight recklessly!
You barely miss Grinder.
Grinder is lightly wounded.
Grinder blinks!
Grinder blinks!
Some of the chunks of flesh in your inventory have rotted away.
Grinder gestures at you.
You barely resist. Grinder completely misses you.
You closely miss Grinder.
Grinder is lightly wounded.
Grinder hits you.
You die...

##################
####.................
#.....##############.
#.....# #. #..5..# #.
#...@.# ###########.
#...(.# #...........
####+## #.##########
#.# #.# #.# #.#
..(..#.# #.########
########.....#.#
#........#


You could see Grinder.

Vanquished Creatures
  A crimson imp (D:3)
  A hound (D:2)
  An orc wizard (D:4)
  A worker ant (D:4)
  3 adders
  3 gnolls (D:3)
  2 worms
  A dart slug (D:1)
  3 leopard geckos
  8 orcs
  8 bats
  A giant cockroach (D:1)
  7 goblins
  8 hobgoblins
  4 kobolds
  A quokka (D:2)
  3 frilled lizards
  8 rats
64 creatures vanquished.

Notes
Turn   | Place    | Note
-------+----------+-------------------------------------------
     0 | D:1      | solopath the Barachi Ice Elementalist began the quest for
                  | the Orb.
     0 | D:1      | Reached XP level 1. HP: 13/13 MP: 3/3
   110 | D:1      | Reached skill level 5 in Ice Magic
   178 | D:1      | Reached XP level 2. HP: 19/19 MP: 0/5
   994 | D:2      | Reached XP level 3. HP: 24/24 MP: 4/6
  1149 | D:2      | Learned a level 3 spell: Frozen Ramparts
  1249 | D:2      | Found a faded altar of an unknown god.
  1297 | D:2      | Became a worshipper of Ashenzari the Shackled
  1297 | D:2      | Reached * piety under Ashenzari
  1347 | D:2      | Found a hazy altar of Hepliaklqana.
  1347 | D:2      | Found a burning altar of Makhleb.
  1681 | D:2      | Found a burning altar of Makhleb.
  1684 | D:2      | Reached XP level 4. HP: 30/30 MP: 5/8
  2003 | D:3      | Reached skill level 6 in Ice Magic
  2008 | D:3      | Reached XP level 5. HP: 30/35 MP: 2/9
  3160 | D:4      | Reached XP level 6. HP: 30/41 MP: 3/11
  3243 | D:4      | Reached skill level 7 in Ice Magic
  3344 | D:4      | Noticed Grinder
  3372 | D:4      | HP: 1/41 [Grinder (4)]
  3377 | D:4      | Slain by Grinder

Illustrated notes

Levels and vault maps discovered:
D:1:      sevenhm_arrival_forest_fort_large_4, layout_loops_cross
D:2:      layout_loops_ring, gammafunk_temple_overflow_wave,
          chequers_ecumenical_altar_island, first_ration,
          makhleb_blood_cavern_becter
D:3:      layout_loops_ring, serial_forest, infiniplex_forest_end_2,
          infiniplex_forest_straight_3, infiniplex_forest_pool,
          infiniplex_forest_lined_2, infiniplex_forest_clump_double,
          infiniplex_forest_clump_cross, kennysheep_generic_room_12
D:4:      layout_basic, minmay_temple_entry_drinking_statues, uniq_grinder,
          uniq_ijyb, uniq_robin, uniq_pikel

Skill      XL: |  1  2  3  4  5  6 |
---------------+-------------------+-----
Ice Magic      | 5 6 7 |  7.0
Stealth        | 2 3 |  3.3
Spellcasting   | 3 |  3.6
Dodging        | |  2.1

Action                   |  1- 3 |  4- 6 || total
-------------------------+-------+-------++-------
Melee: Dagger            |    16 |    36 ||    52
       Unarmed           |     1 |       ||     1
 Cast: Freeze            |    33 |    37 ||    70
       Frozen Ramparts   |       |     5 ||     5
 Abil: Hop               |       |     1 ||     1
  Use: Scroll            |       |     3 ||     3
       Potion            |       |     6 ||     6
 Stab: Sleeping          |     4 |     3 ||     7
       Distracted        |       |     1 ||     1
  Eat: Chunk             |     3 |     6 ||     9
Armor: Robe              |     5 |     1 ||     6
Dodge: Dodged            |    33 |    31 ||    64
